 Dungeon Crawl Stone Soup version 0.29.1-14-g9c671dbff4 (webtiles) character file.

Game seed: 7595549981875139422

79 VictoriousLee the Digger (level 4, -4/24 HPs)
             Began as a Gargoyle Earth Elementalist on Feb 16, 2023.
             Slain by an orc priest
             ... wielding a +0 whip
              (5 damage)
             ... on level 2 of the Dungeon.
             The game lasted 00:08:40 (1624 turns).

VictoriousLee the Digger (GrEE)                     Turns: 1624, Time: 00:08:41

Health: -4/24      AC:  6    Str: 11    XL:     4   Next: 37%
Magic:  1/7        EV: 12    Int: 18    God:
Gold:   63         SH:  0    Dex: 10    Spells: 4/7 levels left

rFire   . . .      SeeInvis .   g - +0 short sword
rCold   + . .      Faith    .   (no shield)
rNeg    + . .      Spirit   .   a - +0 robe
rPois   ∞          Reflect  .   (no helmet)
rElec   +          Harm     .   u - +0 cloak
rCorr   .          Rampage  .   (no gloves)
Will    .....                   (no boots)
Stlth   ++........              (no amulet)
HPRegen 0.08/turn               d - ring of protection from cold
MPRegen 0.10/turn               (no ring)

@: no status effects
A: sickness immunity, AC +3, negative energy resistance 1, electricity
resistance, torment resistance 1, petrification resistance
a: no special abilities


You were on level 2 of the Dungeon.
You visited 1 branch of the dungeon, and saw 3 of its levels.

You collected 63 gold pieces.

Inventory:

Hand Weapons
 g - a +0 short sword (weapon)
Missiles
 h - 24 stones
 m - 3 poisoned darts
Armour
 a - a +0 robe (worn)
 f - a +0 leather armour
 j - a +0 scale mail
 u - a +0 cloak (worn)
Magical Staves
 s - a staff of fire
Jewellery
 d - a ring of protection from cold (left hand)
 w - a ring of flight
Scrolls
 c - a scroll of fog {unknown}
 e - a scroll of blinking {unknown}
 i - a scroll of summoning {unknown}
 l - a scroll of fear {unknown}
 p - a scroll of torment {unknown}
 r - 2 scrolls of identify {unknown}
 t - a scroll of enchant weapon {unknown}
Potions
 b - a potion of magic
 k - a potion of haste {unknown}
 n - 4 potions of curing {unknown}
 o - a potion of lignification {unknown}
 q - 3 potions of might {unknown}
 v - a potion of cancellation {unknown}


   Skills:
 - Level 2.0 Dodging
 - Level 2.8 Stealth
 - Level 2.3 Spellcasting
 + Level 0.9 Conjurations
 - Level 1.3 Transmutations
 + Level 4.6 Earth Magic


You had 4 spell levels left.
You knew the following spells:

 Your Spells              Type           Power      Damage    Failure   Level
a - Sandblast             Erth           36%        2d10      2%          1
b - Passwall              Tmut/Erth      10%        N/A       8%          2

Your spell library contained the following spells:

 Spells                   Type           Power      Damage    Failure   Level
 Stone Arrow              Conj/Erth      24%        3d8       17%         3
 Petrify                  Tmut/Erth      12%        N/A       45%         4


Dungeon Overview and Level Annotations

Branches:
Dungeon (3/15)

Altars:
Okawaru


Innate Abilities, Weirdness & Mutations

You are immune to sickness and miasma.
Your stone body is resilient. (AC +3)
You are immune to poison.
You resist negative energy. (rN+)
You are resistant to electric shocks. (rElec)
You are resistant to unholy torment.
You are immune to petrification.


Message History

The blast of sand hits the orc!
You kill the orc!
The orc barely misses you. The orc priest hits you with a +0 whip.
The orc hits you but does no damage.
Aiming: Sandblast (safe; 2% risk of failure)
Press: ? - help, Q - select action, (/) - cycle Shift-Dir - straight line, f - orc priest
Aim: an orc priest, wielding a +0 whip and wearing a +0 leather armour (lightly wounded, 82% to hit)
The blast of sand hits the orc priest!
The orc priest is almost dead.
The orc priest miscasts a cantrip.
The orc hits you but does no damage. The orc attacks as you move away!
The orc hits you with a +0 hand axe.
The orc priest attacks as you move away!
The orc priest hits you with a +0 whip.
Aiming: Sandblast (safe; 2% risk of failure)
Press: ? - help, Q - select action, (/) - cycle Shift-Dir - straight line, f/p - orc priest
Aim: an orc priest, wielding a +0 whip and wearing a +0 leather armour (almost dead, 82% to hit)
The blast of sand hits the orc priest but does no damage.
The orc priest is almost dead.
The orc priest closely misses you. The orc priest hits you with a +0 whip.
* * * LOW HITPOINT WARNING * * *
Aiming: Sandblast (safe; 2% risk of failure)
Press: ? - help, Q - select action, (/) - cycle Shift-Dir - straight line, f/p - orc priest
Aim: an orc priest, wielding a +0 whip and wearing a +0 leather armour (almost dead, 82% to hit)
The blast of sand hits the orc priest but does no damage.
The orc priest is almost dead.
The orc priest hits you but does no damage.
Aiming: Sandblast (safe; 2% risk of failure)
Press: ? - help, Q - select action, (/) - cycle Shift-Dir - straight line, f/p - orc priest
Aim: an orc priest, wielding a +0 whip and wearing a +0 leather armour (almost dead, 82% to hit)
The blast of sand hits the orc priest but does no damage.
The orc priest is almost dead.
The orc priest hits you with a +0 whip.
* * * LOW HITPOINT WARNING * * *
The orc priest hits you with a +0 whip.
* * * LOW HITPOINT WARNING * * *
You closely miss the orc priest.
The orc priest is almost dead.
The orc priest hits you with a +0 whip.
You die...

...# #.........# ...#
#....)....# ...# #.........#
...# #.........# ...#
#.........# ####### ...#
#.........# #.....# ...#
#.........# #.....# ...#
#........[#######.....#
.#####......>.oo@..........#
.##.##..#############......#
.##.#..## ####.......#
.##.#.## #.....##.###
......# #.##..##.# .#..###
#.#..###.# .#..# #...## #.#
.##.### ###.# #.# ......##
#####.####.#


You could see an orc priest and an orc.

Vanquished Creatures
  2 adders (D:2)
  2 worms (D:2)
  3 dart slugs
  An orc (D:2)
  A ball python (D:1)
  7 endoplasms
  2 giant cockroaches
  3 hobgoblins (D:2)
  3 jackals (D:2)
  3 quokkas
  2 bats
  3 frilled lizards
  3 goblins (D:1)
  6 kobolds (D:1)
  4 rats
  A spectral goblin (D:1)
46 creatures vanquished.

Notes
Turn   | Place    | Note
-------+----------+-------------------------------------------
     0 | D:1      | VictoriousLee the Gargoyle Earth Elementalist began the
                  | quest for the Orb.
     0 | D:1      | Reached XP level 1. HP: 10/10 MP: 3/3
   241 | D:1      | Reached skill level 1 in Transmutations
   241 | D:1      | Reached XP level 2. HP: 15/15 MP: 3/5
   404 | D:1      | Found a faded altar of an unknown god.
   688 | D:1      | Reached XP level 3. HP: 19/19 MP: 4/6
   691 | D:1      | Learned a level 2 spell: Passwall
   914 | D:2      | Reached skill level 4 in Earth Magic
  1180 | D:2      | Found an iron altar of Okawaru.
  1200 | D:2      | Reached XP level 4. HP: 24/24 MP: 2/7
  1623 | D:2      | HP: 1/24 [orc priest/+0 whip (3)]
  1624 | D:2      | Slain by an orc priest

Illustrated notes

Levels and vault maps discovered:
D:1:      tarquinn_simple_flora_water_f, layout_basic,
          dreamdust_ecumenical_altar_drowned_temple, minivault_27,
          minmay_strange_pillars
D:2:      layout_rooms, basic_altar, kennysheep_generic_room_11
D:3:      minmay_wonky_spiral, layout_loops_corners

Skill      XL: |  1  2  3 |
---------------+----------+-----
Transmutations | 1 |  1.3
Earth Magic    | 4 |  4.6
Dodging        | 2 |  2.0
Stealth        | |  2.8
Spellcasting   | |  2.3
Conjurations   | |  0.9

Action                   |  1- 3 |  4- 6 || total
-------------------------+-------+-------++-------
Melee: Short sword       |     3 |     2 ||     5
 Cast: Sandblast         |    50 |    18 ||    68
Armor: Robe              |     5 |     5 ||    10
Dodge: Dodged            |    11 |     9 ||    20
